 Dungeon Crawl Stone Soup version 0.17-a0-1596-g1e86911 (webtiles) character file.

193 urechis the Cudgeler (level 5, -1/57 HPs)
             Began as an Ogre Gladiator on July 31, 2015.
             Slain by an orc
             ... wielding a cursed -2 mace
              (5 damage)
             ... on level 3 of the Dungeon.
             The game lasted 00:03:55 (2304 turns).

urechis the Cudgeler (Ogre Gladiator)               Turns: 2304, Time: 00:03:55

Health: -1/57      AC:  4    Str: 21    XL:     5   Next: 72%
Magic:  5/5        EV: 10    Int:  7    God:
Gold:   73         SH:  0    Dex: 10    Spells: 0 memorised, 4 levels left

rFire  . . .     SeeInvis .     n - +0 morningstar
rCold  . . .     Clarity  .     t - +1 robe
rNeg   . . .     SustAt   .     (no shield)
rPois  .         Gourm    .     c - +0 hat
rElec  .         Spirit   .     (no cloak)
rCorr  .         Warding  .     (gloves unavailable)
rMut   .         Stasis   .     (boots unavailable)
MR     .....                    (no amulet)
Stlth  +.........               (no ring)
                                (no ring)

@: lethally poisoned (-1 -> -3), not resistant to hostile enchantments, very
unstealthy
A: unfitting armour, tough skin 1
a: no special abilities


You were on level 3 of the Dungeon.
You were not hungry.

You visited 1 branch of the dungeon, and saw 3 of its levels.

You collected 73 gold pieces.

Inventory:

Hand weapons
 n - a +0 morningstar (weapon)
Missiles
 d - 3 throwing nets (quivered)
 o - 4 javelins
 p - 13 poisoned needles
 q - 6 tomahawks
Armour
 c - a +0 hat (worn)
 t - a +1 robe (worn)
Jewellery
 b - an uncursed ring of sustain attributes {unknown}
 x - a +3 ring of dexterity {unknown}
Magical devices
 s - a wand of confusion (14)
Scrolls
 g - 2 scrolls of identify {unknown}
 j - a scroll of remove curse {unknown}
 m - 4 scrolls of teleportation {unknown}
 r - a scroll of magic mapping {unknown}
 v - 2 scrolls of enchant armour {unknown}
 y - a scroll of random uselessness {unknown}
Potions
 a - a potion of poison {unknown}
 f - a potion of brilliance {unknown}
 h - a potion of degeneration {unknown}
 k - a potion of lignification {unknown}
 l - a potion of ambrosia {unknown}
 u - a potion of curing {unknown}
 w - a potion of cancellation {unknown}
Comestibles
 e - 2 bread rations
 i - 2 meat rations
 z - 3 chunks of flesh
 A - 4 fruits


   Skills:
 + Level 5.0 Fighting
 * Level 6.9 Maces & Flails
 - Level 2.1 Throwing
 - Level 2.6 Dodging


You had 4 spell levels left.
You didn't know any spells.

Dungeon Overview and Level Annotations

Branches:
Dungeon (3/15)

Altars:
Zin


Innate Abilities, Weirdness & Mutations

You are too large for most types of armour.
You have tough skin (AC +1).


Message History

You puncture the orc!
You kill the orc!
You puncture the giant newt!
You kill the giant newt!
An orc wizard comes into view. It is wielding a dagger of holy wrath.
You see here 8 stones.
The orc throws a poisoned tomahawk.
The poisoned tomahawk hits you.
* * * LOW HITPOINT WARNING * * *
You are poisoned.
You feel sick.
You feel sick.
The orc throws a poisoned tomahawk.
The poisoned tomahawk barely misses you.
The orc barely misses you.
You barely miss the orc.
You feel sick.
The orc hits you with an enchanted mace.
* * * LOW HITPOINT WARNING * * *
You barely miss the orc.
You feel sick. The orc hits you but does no damage.
You barely miss the orc.
The orc hits you with an enchanted mace.
You die...

###..## #.# ###. .. # #.##
#.# #...#. ###.##### #.#
#.#... ..).....# #.#
#†##.# .....##.# #.#
#)##o# #######.###.##
#)##w# #.##...## ##[##.#
#.#.....########...#w###.#
#...(....(@ow....#.......#
#.#.....########...#.#####
#######.##...## ##.##.#
........###.## #.##.#
#######..##)# #.....
##.##.######## #..###
#.##..>.....# #..#
#.#########.# #..# #.#
#.####..#


You could see a worm and an orc.

Vanquished Creatures
  An orc priest (D:3)
  Jessica (D:2)
  3 gnolls (D:2)
  3 adders
  2 giant geckos
  14 orcs
  A ball python (D:1)
  6 bats
  4 goblins
  7 hobgoblins
  3 jackals (D:3)
  7 kobolds
  5 giant cockroaches
  5 giant newts
  3 rats
65 creatures vanquished.

Notes
Turn   | Place    | Note
--------------------------------------------------------------
     0 | D:1      | urechis the Ogre Gladiator began the quest for the Orb.
     0 | D:1      | Reached XP level 1. HP: 22/22 MP: 1/1
   116 | D:1      | Reached XP level 2. HP: 25/31 MP: 2/2
   570 | D:2      | Reached XP level 3. HP: 37/37 MP: 3/3
   673 | D:2      | Reached skill level 5 in Maces & Flails
   739 | D:2      | Noticed Jessica
   765 | D:2      | Killed Jessica
   765 | D:2      | Reached XP level 4. HP: 28/48 MP: 4/4
  1165 | D:2      | Reached skill level 6 in Maces & Flails
  1636 | D:3      | Reached XP level 5. HP: 40/55 MP: 5/5
  1670 | D:3      | Found a glowing silver altar of Zin.
  2218 | D:3      | Reached skill level 5 in Fighting
  2304 | D:3      | Slain by an orc

Vault maps used:
D:1:      dpeg_arrival_radiant, corexii_leaking_fountain, minmay_misc_feat_tower
D:2:      first_bread, minmay_misc_feat_room, eino_tiny_chamber, uniq_jessica
D:3:      elyvilon_altar_5, lemuel_doored_altar

Action                   |  1- 3 |  4- 6 || total
-------------------------+-------+-------++-------
Melee: Flail             |    77 |       ||    77
       Morningstar       |    24 |   123 ||   147
 Stab: Sleeping          |       |     1 ||     1
  Eat: Chunk             |       |     5 ||     5
